 Dungeon Crawl Stone Soup version 0.27-a0-1391-g48c30b3128 (webtiles) character file.

Game seed: 12991555813111307641

429 Nattfarinn the Skirmisher (level 6, -1/67 HPs)
             Began as an Ogre Warper on July 1, 2021.
             Was an Initiate of Okawaru.
             Slain by a killer bee (6 damage)
             ... on level 5 of the Dungeon.
             The game lasted 00:06:32 (5820 turns).

Nattfarinn the Skirmisher (Ogre Warper)             Turns: 5820, Time: 00:06:33

Health: -1/67      AC:  3    Str: 16 (18) XL:     6   Next: 98%
Magic:  18/18      EV:  9    Int: 13 (14) God:    Okawaru [......]
Gold:   192        SH:  0    Dex:  5 (8)  Spells: 4/9 levels left

rFire    . . .     SeeInvis +   l - +2 short sword (drain)
rCold    . . .     Faith    .   (no shield)
rNeg     . . .     Spirit   .   b - +0 robe
rPois    .         Reflect  .   (helmet restricted)
rElec    .         Harm     .   (no cloak)
rCorr    .         Rampage  .   (gloves unavailable)
Will     .....                  (boots unavailable)
Stlth    +.........             c - amulet of the acrobat
HPRegen  0.21/turn              h - ring of see invisible
MPRegen  0.16/turn              p - ring of magical power

@: lethally poisoned (-1 -> -5), flying, hasted, very quick
A: large, unfitting armour, tough skin 1
a: Renounce Religion


You were on level 5 of the Dungeon.
You worshipped Okawaru.
Okawaru was noncommittal.
You visited 1 branch of the dungeon, and saw 5 of its levels.

You collected 192 gold pieces.

Inventory:

Hand Weapons
 a - a +0 mace
 l - a +2 short sword of draining (weapon)
Missiles
 d - 5 boomerangs of dispersal (quivered)
Armour
 b - a +0 robe (worn)
Jewellery
 c - an amulet of the acrobat (around neck)
 h - a ring of see invisible (left hand)
 i - a ring of protection from cold
 p - a ring of magical power (right hand)
Wands
 r - a wand of mindburst (6)
Scrolls
 e - a scroll of holy word
 f - a scroll of identify
 j - a scroll of amnesia
 k - a scroll of vulnerability
 q - a scroll of teleportation {unknown}
Potions
 g - a potion of degeneration
 m - a potion of flight


   Skills:
 + Level 5.7 Fighting
 * Level 5.5 Maces & Flails
 - Level 1.0 Throwing
 - Level 2.1 Dodging
 - Level 2.4 Spellcasting
 - Level 2.6 Translocations


You had 4 spell levels left.
You knew the following spells:

 Your Spells              Type           Power      Damage    Failure   Level
a - Manifold Assault      Tloc           8%         N/A       92%         5

Your spell library contained the following spells:

 Spells                   Type           Power      Damage    Failure   Level
 Blink                    Tloc           N/A        N/A       12%         2
 Magic Dart               Conj           4%         1d3       24%         1
 Shock                    Conj/Air       4%         1d3       24%         1
 Gell's Gravitas          Tloc           4%         N/A       24%         3
 Lesser Beckoning         Tloc           4%         N/A       24%         3
 Teleport Other           Tloc           8%         N/A       24%         3
 Call Imp                 Summ           1%         N/A       36%         2
 Slow                     Hex            1%         N/A       36%         2
 Static Discharge         Conj/Air       1%         N/A       36%         2
 Conjure Flame            Conj/Fire      1%         6-21      58%         3
 Mephitic Cloud           Conj/Pois/Air  1%         N/A       58%         3
 Swiftness                Air            1%         N/A       58%         3
 Airstrike                Air            0%         N/A       94%         4
 Lightning Bolt           Conj/Air       0%         1d11      100%        5


Dungeon Overview and Level Annotations

Branches:
Dungeon (5/15)
 Temple: D:4-7

Altars:
Nemelex Xobeh
Okawaru
Qazlal

Annotations:
D:4 2 transporters, morra's ghost, novice OpTm


Innate Abilities, Weirdness & Mutations

You are too large for most types of armour.
You have tough skin. (AC +1)


Message History

The killer bee is almost dead.
You feel sick. The killer bee stings you. x2
The killer bee stings you but does no damage.
You hit the killer bee.
You kill the killer bee!
Okawaru accepts your kill.
You feel sick. The killer bee barely misses you.
You barely miss the killer bee.
You feel sick. The killer bee stings you.
The killer bee stings you but does no damage.
The killer bee barely misses you.
You hit the killer bee.
The killer bee is moderately wounded.
You feel sick. The killer bee closely misses you. The killer bee stings you.
You hit the killer bee but do no damage.
You drain the killer bee.
The killer bee is heavily wounded.
You feel sick. The killer bee stings you.
* * * LOW HITPOINT WARNING * * *
You are more poisoned.
The killer bee poisons you!
It was a potion of haste.
You feel yourself speed up.
You feel very sick. The killer bee stings you.
* * * LOW HITPOINT WARNING * * *
The killer bee barely misses you.
You closely miss the killer bee.
You feel sick. The killer bee stings you.
* * * LOW HITPOINT WARNING * * *
You miss the killer bee.
You feel sick.
The killer bee stings you but does no damage.
The killer bee misses you.
As you read the scroll labelled BASHRU ULEHAD, it crumbles to dust.
Your body is wracked with pain!
* * * LOW HITPOINT WARNING * * *
The killer bee convulses! x3; It was a scroll of torment.
* * * LOW HITPOINT WARNING * * *
You feel sick. The killer bee barely misses you.
You barely miss the killer bee.
The killer bee is heavily wounded.
The killer bee stings you.
You die...

###...##...#...#
##..........(..#
#..............#
#......####...##
#<#..##.....##
#............####
#.......yy......#
#........#y#.....#
#^.......#@#.....#
.........###.###....#
..........# ... ....#
.....(.....######
.....
?..........≈≈≈≈≈≈≈
.....
...........#######.
.... ..#.....#...#..
.. ###.### .#


You could see 3 killer bees.

Vanquished Creatures
  An ogre (D:3)
  A killer bee (D:5)
  A centaur zombie (D:4)
  An orc priest (D:3)
  An iguana (D:4)
  An orc wizard (D:3)
  2 hound skeletons (D:4)
  4 gnolls (D:3)
  5 adders
  A worm (D:4)
  3 dart slugs
  7 orcs
  7 endoplasms
  3 giant cockroaches
  5 goblins
  4 hobgoblins
  7 jackals
  9 kobolds
  A quokka (D:1)
  6 ball pythons
  4 bats
  2 frilled lizards (D:3)
  2 rats (D:1)
78 creatures vanquished.

Vanquished Creatures (others)
  6 plants (D:4)
6 creatures vanquished.

Grand Total: 84 creatures vanquished

Notes
Turn   | Place    | Note
-------+----------+-------------------------------------------
     0 | D:1      | Nattfarinn the Ogre Warper began the quest for the Orb.
     0 | D:1      | Reached XP level 1. HP: 22/22 MP: 3/3
     6 | D:1      | Noticed an imperial myrmidon
     6 | D:1      | Noticed a basilisk
     7 | D:1      | Noticed a fire giant
   685 | D:1      | Reached XP level 2. HP: 19/31 MP: 5/5
  1684 | D:2      | Reached XP level 3. HP: 19/37 MP: 6/6
  2892 | D:3      | Noticed an ogre
  2897 | D:3      | Killed an ogre
  2898 | D:3      | Reached XP level 4. HP: 32/49 MP: 7/7
  2898 | D:3      | Reached XP level 5. HP: 36/55 MP: 8/8
  3019 | D:3      | Learned a level 5 spell: Manifold Assault
  3710 | D:3      | Found an iron altar of Okawaru.
  3725 | D:3      | Became a worshipper of Warmaster Okawaru
  3937 | D:3      | Found a sparkling altar of Nemelex Xobeh.
  4205 | D:4      | Reached skill level 5 in Fighting
  4205 | D:4      | Reached XP level 6. HP: 66/66 MP: 9/9
  4628 | D:4      | Reached skill level 5 in Maces & Flails
  5033 | D:4      | Found a stormy altar of Qazlal.
  5081 | D:4      | Found a transporter.
  5082 | D:4      | Found a transporter.
  5083 | D:4      | Noticed morra's ghost (novice OpTm)
  5245 | D:4      | Identified the ring of Lady Luck {rPois rC+ AC+4 Str+3
                  | Stlth-}
  5781 | D:5      | Entered Level 5 of the Dungeon
  5820 | D:5      | Slain by a killer bee

Illustrated notes

Levels and vault maps discovered:
D:1:      onia_arrival_zoo_common, layout_basic
D:2:      layout_basic
D:3:      layout_basic, okawaru_ov_weapons_minmay, general_overflow_altar
D:4:      layout_rooms, grunt_qazlal_sundering, gammafunk_ghost_gnarly_gnolls,
          wad_orctagon
D:5:      layout_cave_pools, brannock_xom_greatest_gift, grunt_decor_cap,
          minivault_14, uniq_blork_the_orc

Skill      XL: |  1  2  3  4  5  6 |
---------------+-------------------+-----
Maces & Flails | 2 4 5 |  5.5
Fighting       | 3 4 5 |  5.7
Throwing       | |  1.0
Dodging        | |  2.1
Spellcasting   | |  2.4
Translocations | |  2.6

Action                   |  1- 3 |  4- 6 || total
-------------------------+-------+-------++-------
Melee: Mace              |    89 |       ||    89
       Short sword       |    35 |   158 ||   193
  Use: Scroll            |       |     5 ||     5
       Potion            |       |     4 ||     4
Armor: Robe              |    56 |    38 ||    94
Dodge: Dodged            |    86 |    96 ||   182

Table legend: (Time is in decaauts)
 A = Elapsed time spent in this place.
 B = Non-inter-level travel time spent in this place.
 C = Inter-level travel time spent in this place.
 D = Time resting spent in this place.
 E = Time spent auto-exploring this place.
 F = Levels seen in this place.
 G = Mean time per level.
                   A        B        C        D        E       F      G
               +--------+--------+--------+--------+--------+-----+--------+
         Total |   5862 |   5268 |    594 |    892 |   3763 |   5 | 1172.4 |
       Dungeon |   5862 |   5268 |    594 |    892 |   3763 |   5 | 1172.4 |
               +--------+--------+--------+--------+--------+-----+--------+

Top non-repeatable levels by time:
     D:3: 1846 daAuts
     D:1: 1623 daAuts
     D:2: 1192 daAuts
     D:4: 1160 daAuts
     D:5: 39 daAuts
